Map: Tokamak LE

Players

Jason

  • Race: Terran Terran
  • League: Grandmaster
  • Spawn Location: 7:00

Calyx - Winner!

  • Race: Terran Terran
  • League: Grandmaster
  • Spawn Location: 1:00

VOD

Have the link to the VOD?

Description

Time

  • Played on: Sept. 30, 2025, 11:45 a.m.
  • Length: 11:11
Show
View Real Time Build Order
Export as new Build Order

Jason Terran 

Build Orders:  

Get SALT Encoding   

  12  0:00  SCV  
  13  0:12  SCV  
  14  0:18  Supply Depot  
  14  0:25  SCV  
  15  0:39  SCV  
  15  0:41  Barracks  
  16  0:48  Refinery  
  16  0:51  SCV  
  16  0:54  Refinery  
  17  1:04  SCV  
  18  1:16  SCV  
  19  1:29  Orbital Command, Reaper  
  20  1:39  Supply Depot  
  20  1:45  Factory  
  20  1:55  SCV  
  22  2:02  Barracks Reactor  
  22  2:07  SCV  
  22  2:20  SCV  
  23  2:22  Command Center  
  23  2:29  Hellion  
  25  2:35  SCV  
  26  2:38  Reaper  
  26  2:39  Reaper  
  26  2:41  Supply Depot  
  28  2:47  SCV  
  29  2:52  Hellion  
  31  2:58  Starport  
  31  3:02  SCV  
  32  3:07  Refinery  
  32  3:14  SCV, Marine  
  32  3:16  Marine  
  32  3:17  Factory Tech Lab  
  35  3:26  SCV  
  36  3:34  Marine x2  
  36  3:35  Starport Tech Lab  
  36  3:38  SCV  
  37  3:47  Cyclone  
  38  3:55  Raven  
  37  3:57  Marine x2  
  39  4:03  SCV  
  40  4:15  SCV  
  36  4:20  Marine x2  
  36  4:22  Siege Tank  
  36  4:23  Orbital Command  
  41  4:28  SCV  
  41  4:31  Raven  
  44  4:37  Marine  
  45  4:40  SCV  
  45  4:41  Marine  
  47  4:48  Supply Depot, SCV  
  49  4:52  SCV  
  49  4:54  Siege Tank  
  51  5:01  SCV  
  51  5:05  SCV  
  52  5:11  Raven  
  54  5:19  SCV x2  
  56  5:22  Command Center  
  56  5:31  SCV  
  56  5:32  Siege Tank  
  60  5:36  Supply Depot  
  60  5:38  SCV  
  61  5:43  SCV  
  62  5:52  Supply Depot  
  62  5:55  SCV x2  
  65  6:00  Barracks  
  65  6:01  Barracks  
  64  6:05  Refinery  
  64  6:06  Siege Tank  
  64  6:07  SCV x2  
  69  6:12  Viking x2  
  69  6:14  Marine  
  69  6:17  Stimpack  
  74  6:19  SCV x2  
  76  6:31  SCV x2  
  78  6:35  Supply Depot  
  78  6:36  Orbital Command  
  78  6:38  Siege Tank, Marine  
  82  6:47  Viking x2  
  82  6:49  Barracks Reactor  
  82  6:50  Barracks Reactor  
  82  6:52  SCV  
  82  6:54  SCV  
  87  6:57  Marine  
  88  7:03  SCV  
  88  7:04  SCV  
  88  7:06  Supply Depot, SCV  
  91  7:11  Siege Tank  
  91  7:15  SCV  
  95  7:16  SCV  
  95  7:18  SCV  
  95  7:19  Supply Depot  
  95  7:21  Medivac x2  
  101  7:25  Supply Depot  
  101  7:26  Marine x2  
  101  7:27  SCV, Marine x3  
  101  7:29  SCV  
  108  7:35  SCV  
  109  7:39  SCV  
  109  7:41  Supply Depot  
  109  7:42  Supply Depot  
  109  7:43  SCV  
  111  7:44  Marine x2  
  111  7:47  SCV  
  111  7:48  Marine x3  
  117  7:51  Medivac x2  
  117  7:52  Siege Tank, Supply Depot  
  124  7:59  SCV x2, Engineering Bay  
  124  8:00  SCV  
  124  8:01  Engineering Bay  
  127  8:14  Combat Shield  
  127  8:17  Marine x2  
  127  8:18  Marine x3  
  132  8:21  Refinery, Command Center  
  132  8:22  Refinery  
  132  8:25  Supply Depot  
  132  8:27  Supply Depot  
  132  8:28  Siege Tank  
  135  8:35  Marine  
  93  8:48  Marine  
  93  8:49  Marine x3  
  93  8:51  SCV x2  
  93  8:52  SCV  
  93  8:53  Marine  
  93  8:58  Medivac  
  93  9:00  Barracks  
  93  9:01  Barracks, Medivac  
  93  9:02  Barracks  
  97  9:03  SCV x2  
  97  9:04  SCV  
  97  9:05  Siege Tank  
  97  9:06  Marine x2  
  97  9:08  Marine x2  
  107  9:13  Sensor Tower, Marine  
  107  9:24  Marine x2  
  107  9:26  SCV x3, Marine  
  107  9:29  Marine  
  111  9:32  Marine  
  111  9:37  Siege Tank  
  114  9:42  Marine x2  
  114  9:44  Marine  
  117  9:47  Sensor Tower, Marine  
  117  9:50  Marine x4  
  121  10:00  Marine x2  
  121  10:01  Marine  
  121  10:05  Marine  
  125  10:08  Marine x4  
  125  10:09  Siege Tank  
  132  10:17  Marine  
  132  10:18  Marine  
  132  10:19  Marine  
  135  10:23  Factory, Marine  
  135  10:24  Sensor Tower  
  135  10:25  Marine  
  135  10:26  Marine x3  
  139  10:29  Viking x2  
  139  10:32  Armory  
  143  10:35  Marine x2  
  143  10:37  Marine  
  143  10:41  Marine  
  147  10:43  Marine x2  
  147  10:44  Marine x2  
Show
View Real Time Build Order
Export as new Build Order

Calyx Terran - Winner!

Build Orders:  

Get SALT Encoding   

  12  0:00  SCV  
  13  0:12  SCV  
  14  0:17  Supply Depot  
  14  0:24  SCV  
  15  0:39  SCV  
  15  0:41  Barracks  
  16  0:42  Refinery  
  16  0:51  SCV  
  16  0:53  Refinery  
  17  1:03  SCV  
  18  1:15  SCV  
  19  1:28  Orbital Command, Reaper  
  19  1:30  Supply Depot  
  20  1:40  Factory  
  20  1:53  SCV  
  21  2:00  Barracks Reactor  
  21  2:05  SCV  
  22  2:19  Command Center, SCV  
  23  2:31  SCV, Hellion  
  23  2:36  Supply Depot  
  26  2:38  Reaper  
  26  2:40  Reaper  
  28  2:48  SCV  
  29  2:52  Hellion  
  31  3:00  SCV  
  31  3:04  Starport  
  32  3:10  Reaper  
  32  3:12  Reaper  
  34  3:13  SCV  
  34  3:17  Hellion  
  34  3:18  Refinery  
  37  3:25  SCV  
  38  3:32  Orbital Command  
  38  3:37  SCV  
  37  3:42  Marine  
  37  3:44  Marine  
  38  3:49  SCV  
  38  3:54  Supply Depot, Factory Tech Lab  
  38  3:55  Starport Tech Lab  
  39  3:59  Marine  
  39  4:01  SCV  
  39  4:02  SCV, Marine  
  43  4:13  SCV  
  43  4:14  SCV  
  45  4:24  Supply Depot  
  45  4:25  SCV  
  45  4:26  SCV  
  45  4:28  Cyclone  
  45  4:29  Raven, Interference Matrix, Marine x2  
  50  4:37  SCV  
  52  4:38  SCV  
  52  4:47  Marine x2  
  52  4:49  SCV  
  52  4:51  Command Center  
  54  5:04  SCV  
  54  5:05  SCV  
  53  5:08  Supply Depot, Marine x2  
  53  5:09  Siege Tank, Raven  
  60  5:16  Refinery, SCV  
  60  5:17  SCV  
  62  5:22  Barracks  
  62  5:25  Barracks  
  62  5:26  Marine x2  
  64  5:35  SCV  
  65  5:36  Supply Depot  
  65  5:38  Engineering Bay  
  65  5:39  SCV, Engineering Bay  
  66  5:44  Siege Tank  
  66  5:47  SCV  
  66  5:48  Raven  
  72  5:51  SCV  
  72  5:55  Marine x2  
  75  5:59  SCV  
  75  6:03  SCV  
  77  6:05  Orbital Command  
  77  6:09  Terran Infantry Weapons Level 1, Terran Infantry Armor Level 1  
  77  6:10  Barracks Reactor  
  77  6:11  SCV  
  77  6:12  Barracks Reactor  
  77  6:15  SCV  
  77  6:17  Supply Depot  
  81  6:21  Siege Tank  
  82  6:30  Viking  
  82  6:31  Marine, Viking  
  82  6:32  Stimpack  
  87  6:33  SCV x3  
  90  6:45  Barracks, SCV x3  
  90  6:46  Barracks  
  93  6:53  Siege Tank  
  96  6:55  Marine x5  
  96  7:00  SCV  
  96  7:01  Armory  
  102  7:02  Supply Depot  
  102  7:05  Supply Depot  
  102  7:08  Sensor Tower  
  102  7:11  Viking x2  
  102  7:13  Marine x2  
  108  7:17  Sensor Tower  
  108  7:22  Marine  
  109  7:23  Marine x2  
  109  7:24  SCV  
  109  7:26  Siege Tank  
  109  7:27  Supply Depot  
  109  7:29  SCV x2  
  117  7:31  Supply Depot, Marine  
  117  7:34  Barracks Reactor x2  
  118  7:39  Refinery x2, SCV  
  118  7:41  SCV  
  120  7:46  Marine x4  
  120  7:49  Medivac x2  
  128  7:55  SCV x3  
  131  8:01  Supply Depot, Marine  
  131  8:04  Marine  
  131  8:05  Command Center  
  134  8:10  Siege Tank  
  134  8:12  Terran Infantry Weapons Level 2  
  136  8:13  Terran Infantry Armor Level 2  
  136  8:14  Marine  
  136  8:15  Marine  
  136  8:16  Marine  
  136  8:18  Marine x2  
  141  8:22  SCV x3  
  141  8:24  Supply Depot  
  143  8:29  Marine x4  
  134  8:44  Marine x2  
  122  8:57  Marine x5  
  122  8:58  Marine  
  122  8:59  SCV x3  
  122  9:00  Marine  
  122  9:01  Siege Tank  
  122  9:02  Combat Shield, Medivac x2, Marine  
  140  9:04  Terran Vehicle Weapons Level 1  
  140  9:10  Marine  
  140  9:15  Barracks, Factory, Marine x4  
  140  9:16  Barracks x2  
  145  9:23  Marine  
  145  9:24  Marine  
  147  9:25  Marine  
  147  9:26  Marine  
  147  9:28  Marine  
  150  9:32  Medivac x2  
  150  9:34  Marine  
  150  9:35  Marine x3  
  158  9:41  Marine  
  158  9:42  Refinery x2, Command Center, Planetary Fortress  
  159  9:47  Marine x2  
  159  9:49  Marine x2  
  159  9:52  Marine x2  
  163  9:53  Marine  
  163  9:56  Marine  
  163  9:59  Marine  
  168  10:00  Siege Tank, Factory Tech Lab  
  168  10:03  Barracks Reactor x3, Medivac x2  
  172  10:09  Supply Depot  
  172  10:10  Supply Depot  
  172  10:31  Marine x8  
  172  10:32  Siege Tank, Marine  
  172  10:33  Medivac x2  
  188  10:45  Marine x6  
  188  10:49  Marine x8  
Tags
 
Matchup
TvT
Player
Jason
Race
Terran
Spawn Locations
Cross Positions
Add a new tag
Caveats
  • Supply blocks, unpowered buildings, or Contaminate may cause inaccurate times.
  • Supply counts are checked every 10 seconds.